 Dungeon Crawl Stone Soup version 0.31.0-11-ge490571c62 (webtiles) character file.

Game seed: 1667160420486754763

669 KKCryptic the Ruffian (level 7, 0/48 HPs)
             Began as a Demonspawn Shapeshifter on Feb 5, 2024.
             Killed from afar by Dowan (10 damage)
             ... with a stone arrow
             ... on level 5 of the Dungeon.
             The game lasted 00:11:57 (4047 turns).

KKCryptic the Ruffian (Demonspawn Shapeshifter)     Turns: 4047, Time: 00:11:58

Health: 0/48       AC:  5    Str: 17    XL:     7   Next: 32%
Magic:  7/7        EV: 11    Int: 12    God:
Gold:   255        SH:  0    Dex: 18    Spells: 6/6 levels left

rFire   . . .        f - +2 dagger (venom)
rCold   . . .        (no shield)
rNeg    . . .        w - +0 ring mail
rPois   .            (helmet currently unavailable)
rElec   .            (cloak currently unavailable)
rCorr   .            (gloves currently unavailable)
SInv    .            (boots currently unavailable)
Will    .....        m - amulet of magic regeneration
Stlth   +            g - +6 ring of dexterity
HPRegen 0.28/turn    (no ring)
MPRegen 0.50/turn

%: no passive effects
@: beast-form
A: beast (slay +3), antennae 2, spiny 1, big brain 1
a: Begin Untransformation


You were on level 5 of the Dungeon.
You were a hulking beast.
You visited 2 branches of the dungeon, and saw 6 of its levels.

You collected 255 gold pieces.

Inventory:

Hand Weapons
 f - a +2 dagger of venom (weapon)
Missiles
 u - a throwing net
Armour
 l - a +0 leather armour
 w - a +0 ring mail (worn)
Jewellery
 g - a +6 ring of dexterity (left hand)
 m - an amulet of magic regeneration (around neck)
Talismans
 c - a beast talisman
 d - a flux talisman
Scrolls
 a - a scroll of revelation {unknown}
 e - a scroll of poison {unknown}
 i - a scroll of noise {unknown}
 k - 3 scrolls of identify {unknown}
 n - 2 scrolls of blinking {unknown}
 o - 2 scrolls of amnesia {unknown}
 p - a scroll of brand weapon {unknown}
 s - 4 scrolls of teleportation
 v - a scroll of fear {unknown}
 y - a scroll of enchant weapon {unknown}
Potions
 b - a potion of lignification
 h - 2 potions of attraction {unknown}
 j - a potion of brilliance {unknown}
 r - a potion of mutation {unknown}
 t - a potion of heal wounds {unknown}
 x - 4 potions of degeneration {unknown}
 z - a potion of might {unknown}
 B - a potion of curing {unknown}


   Skills:
 - Level 1.0 Fighting
 - Level 1.7 Dodging
 + Level 5.8 Unarmed Combat
 + Level 5.4 Shapeshifting


You had 6 spell levels left.
You didn't know any spells.
Your spell library contained the following spells:

 Spells                   Type           Power      Damage    Failure   Level
 Ensorcelled Hibernation  Hex/Ice        0%         N/A       67%         2
 Passwall                 Erth           0%         N/A       88%         3
 Swiftness                Air            0%         N/A       88%         3
 Tukima's Dance           Hex            0%         N/A       88%         3
 Manifold Assault         Tloc           0%         N/A       99%         4
 Passage of Golubria      Tloc           0%         N/A       99%         4
 Yara's Violent Unravell  Hex/Alch       0%         3d3       100%        5
 Dispersal                Tloc           0%         N/A       100%        6
 Disjunction              Tloc           0%         N/A       100%        8


Dungeon Overview and Level Annotations

Branches:
Dungeon (5/15)             Temple (1/1) D:4

Altars:
Ashenzari
Dithmenos
Fedhas
Gozag
Hepliaklqana
Kikubaaqudgha
Makhleb
Nemelex Xobeh
Okawaru
Ru
Sif Muna
Uskayaw
Vehumet
Wu Jian
Xom
Yredelemnul

Annotations:
D:5 2 transporters, Dowan; SmokeWeed's ghost, weakling HODe


Innate Abilities, Weirdness & Mutations

You are a hulking beast.
Your limbs bulge with bestial killing power. (Slay +3)
You have a pair of antennae on your head.
You are partially covered in sharp spines.
You have an unusually large brain. (Int +2)


Message History

Duvessa hits you with a +0 short sword. The sleepcap is struck by your spines.
The sleepcap releases spores at you but does no damage.
You barely miss Duvessa.
Duvessa is severely wounded.
The sleepcap looks more healthy.
Duvessa barely misses you.
The sleepcap releases spores at you but does no damage.
You closely miss Duvessa.
Duvessa is severely wounded.
Duvessa completely misses you. The sleepcap is struck by your spines.
The sleepcap barely misses you.
You hit Duvessa but do no damage.
Duvessa looks as sick as possible!
Duvessa is severely wounded.
The sleepcap barely misses you.
You closely miss Duvessa.
Duvessa is almost dead.
You kill Duvessa!
Dowan seems overcome with grief.
Dowan seems to find hidden reserves of power!
Dowan is struck by your spines. Dowan hits you but does no damage.
The sleepcap releases spores at you.
You are engulfed in a cloud of soporific spores!
You fall asleep.
Dowan gestures at you while chanting. The stone arrow hits you!
You wake up.
The sleepcap barely misses you.
You completely miss Dowan.
Dowan is moderately wounded.
Dowan is struck by your spines. Dowan barely misses you. x2
The sleepcap releases spores at you.
* * * LOW HITPOINT WARNING * * *
You hit Dowan.
Dowan is poisoned.
Dowan is heavily wounded.
Dowan is struck by your spines. Dowan hits you with a +0 dagger.
* * * LOW HITPOINT WARNING * * *
The sleepcap is struck by your spines. The sleepcap closely misses you.
You hit Dowan.
Dowan looks as sick as possible!
Dowan is almost dead.
Dowan is struck by your spines. Dowan hits you but does no damage.
Dowan points at you and mumbles some strange words.
The stone arrow hits you!
You die...

###.##############
###......)..
###©O.O.![O...#######.........
O.##... #...............
.#..#. #............... ..
#...###.......). #..#
#...<..... {#..####.........
##....#......####
#h)..........# #fe..........#
#............#
##.............#
#.)..............
#.....##.........
#.....####....... #..(...#
#..... #.....## #...


You could see a sleepcap and Dowan (fast, extremely poisoned).

Vanquished Creatures
  Duvessa (D:5)
  A phantom (D:4)
  A kobold brigand (D:5)
  A scorpion (D:5)
  3 hounds
  A gnoll bouda (D:4)
  An iguana (D:4)
  2 orc wizards
  Natasha (thrice) (D:3)
  2 adders
  A white imp (D:5)
  2 dart slugs
  A ribbon worm (D:3)
  14 orcs
  7 ball pythons
  3 bats
  3 endoplasms
  A giant cockroach (D:3)
  A goblin (D:2)
  2 hobgoblins
  3 quokkas
  2 frilled lizards
  8 kobolds
  3 rats
67 creatures vanquished.

Notes
Turn   | Place    | Note
-------+----------+-------------------------------------------
     0 | D:1      | KKCryptic the Demonspawn Shapeshifter began the quest for
                  | the Orb.
     0 | D:1      | Reached XP level 1. HP: 15/15 MP: 1/1
   432 | D:1      | Gained mutation: You are partially covered in sharp spines.
                  | [demonic ancestry]
   432 | D:1      | Reached XP level 2. HP: 21/21 MP: 2/2
   987 | D:2      | Reached XP level 3. HP: 25/26 MP: 3/3
  1330 | D:3      | Found a sacrificial altar of Ru.
  1644 | D:3      | Noticed Natasha
  1649 | D:3      | Killed Natasha
  1650 | D:3      | Reached XP level 4. HP: 32/32 MP: 4/4
  1997 | D:3      | Noticed Natasha
  2004 | D:3      | Killed Natasha
  2565 | D:3      | Noticed Natasha
  2573 | D:3      | Killed Natasha
  2671 | D:4      | Noticed a phantom
  2681 | D:4      | Killed a phantom
  2682 | D:4      | Gained mutation: You have a pair of small antennae on your
                  | head. [demonic ancestry]
  2682 | D:4      | Reached XP level 5. HP: 18/37 MP: 5/5
  2823 | D:4      | Found a radiant altar of Vehumet.
  3085 | D:4      | Found a staircase to the Ecumenical Temple.
  3240 | D:4      | Gained mutation: You have an unusually large brain. (Int
                  | +2) [demonic ancestry]
  3240 | D:4      | Reached XP level 6. HP: 43/43 MP: 6/6
  3491 | D:4      | Found an ancient bone altar of Kikubaaqudgha.
  3493 | D:4      | Found a shimmering blue altar of Sif Muna.
  3493 | D:4      | Found an iron altar of Okawaru.
  3501 | D:4      | Found a shimmering altar of Xom.
  3506 | D:4      | Found a broken altar of Ashenzari.
  3560 | Temple   | Entered the Ecumenical Temple
  3572 | D:5      | Entered Level 5 of the Dungeon
  3590 | D:5      | Reached skill level 5 in Unarmed Combat
  3642 | D:5      | Reached skill level 5 in Shapeshifting
  3714 | D:5      | Found a transporter.
  3715 | D:5      | Found a transporter.
  3715 | D:5      | Noticed SmokeWeed's ghost (weakling HODe)
  3854 | D:5      | Found a hazy altar of Hepliaklqana.
  3854 | D:5      | Found a burning altar of Makhleb.
  3934 | D:5      | Gained mutation: You have a pair of antennae on your head.
                  | [demonic ancestry]
  3934 | D:5      | Reached XP level 7. HP: 42/48 MP: 7/7
  4019 | D:5      | Noticed Dowan
  4019 | D:5      | Noticed Duvessa
  4043 | D:5      | Killed Duvessa
  4047 | D:5      | Killed from afar by Dowan

Illustrated notes

Levels and vault maps discovered:
D:1:      lemuel_arrival_muddy, layout_basic
D:2:      layout_basic, skrybe_limestone_x
D:3:      layout_basic, mainiacjoe_overflow_cross_hatched, uniq_natasha
D:4:      minmay_chambers_of_fours, layout_cave_pools, general_overflow_altar,
          minmay_overflow_temple_hex, minmay_temple_entry_gardened_gates,
          nicolae_figureground_sparkle
D:5:      layout_layer_cave, jmf_multi_god_temple, gammafunk_ghost_smash,
          minmay_misc_feat_rows, small_statue_alley_b, minmay_gold_behind_fungi,
          uniq_duvessa
Temple:   nicolae_temple_ecumenical_triangle

Skill      XL: |  1  2  3  4  5  6 |
---------------+-------------------+-----
Unarmed Combat | 3 4 5 |  5.8
Shapeshifting  | 3 4 5 |  5.4
Fighting       | |  1.0
Dodging        | |  1.7

Action                     |  1- 3 |  4- 6 |  7- 9 || total
---------------------------+-------+-------+-------++-------
  Melee: Unarmed           |    16 |       |       ||    16
         Dagger            |    60 |    91 |    22 ||   173
         Punch             |       |     6 |     1 ||     7
  Throw: Dart              |       |     4 |     4 ||     8
    Use: Scroll            |     1 |       |       ||     1
 Armour: Animal skin       |     9 |       |       ||     9
         Leather armour    |    17 |     3 |       ||    20
         Ring mail         |       |    52 |    21 ||    73
  Dodge: Dodged            |    38 |    37 |    18 ||    93
